 Dungeon Crawl Stone Soup version 0.28-a0-1117-g0bdd5ba030 (webtiles) character file.

Game seed: 2757589603774633450

13946 browni3141 the Tainter (level 12, -5/81 HPs)
             Began as an Octopode Venom Mage on Dec 12, 2021.
             Was an Elder of Sif Muna.
             Slain by an orc knight (22 damage)
             ... on level 2 of the Orcish Mines.
             The game lasted 00:40:53 (20115 turns).

browni3141 the Tainter (Octopode Venom Mage)       Turns: 20115, Time: 00:40:54

Health: -5/81      AC:  1    Str:  7    XL:     12   Next: 11%
Magic:  12/18      EV: 20    Int: 22    God:    Sif Muna [****..]
Gold:   593        SH:  0    Dex: 13    Spells: 3/17 levels left

rFire   . . .      SeeInvis .   I - +2 short sword (elec)
rCold   . . .      Faith    .   (no shield)
rNeg    . . .      Spirit   .   r - +0 hat
rPois   .          Reflect  .   (no amulet)
rElec   .          Harm     .   q - ring of wizardry
rCorr   .          Rampage  .   K - ring of wizardry
Will    .....                   L - +4 ring of evasion
Stlth   +++++.....              (no ring)
HPRegen 0.23/turn               (no ring)
MPRegen 0.16/turn               (no ring)
                                (no ring)
                                (no ring)

@: no status effects
A: almost no armour, amphibious, 8 rings, camouflage 1, gelatinous body 1,
(nimble swimmer 1), tentacles
a: Renounce Religion, Channel Magic, Forget Spell, Divine Exegesis


You were on level 2 of the Orcish Mines.
You worshipped Sif Muna.
Sif Muna was greatly pleased with you.
You visited 3 branches of the dungeon, and saw 12 of its levels.
You also visited: Sewer.

You collected 593 gold pieces.

Inventory:

Hand Weapons
 v - a +0 dagger of draining
 B - a +2 dagger of venom
 E - a +0 shortbow
 I - a +2 short sword of electrocution (weapon)
Missiles
 F - 97 arrows
 N - a curare-tipped dart
Armour
 r - a +0 hat (worn)
 J - a +2 kite shield
Jewellery
 m - an amulet of guardian spirit
 q - a ring of wizardry (left tentacle)
 K - a ring of wizardry (right tentacle)
 L - a +4 ring of evasion (on tentacle)
Wands
 D - a wand of charming (5)
 G - a wand of acid (7)
Scrolls
 b - 5 scrolls of vulnerability
 d - 2 scrolls of brand weapon
 e - 4 scrolls of teleportation
 f - 2 scrolls of enchant weapon
 i - a scroll of magic mapping
 j - 3 scrolls of blinking
 k - 2 scrolls of fog
 n - 2 scrolls of noise
 o - a scroll of immolation
 p - a scroll of torment
 u - a scroll of summoning
 y - 2 scrolls of fear {unknown}
 A - a scroll of enchant armour {unknown}
 H - 3 scrolls of identify
 M - a scroll of silence {unknown}
 O - a scroll of amnesia {unknown}
Potions
 a - a potion of curing
 c - 3 potions of attraction {unknown}
 g - 3 potions of mutation {unknown}
 h - 2 potions of brilliance {unknown}
 l - 2 potions of cancellation {unknown}
 s - 2 potions of lignification {unknown}
 w - 3 potions of invisibility {unknown}
 x - 2 potions of might {unknown}
 z - 4 potions of heal wounds {unknown}
 C - a potion of magic {unknown}
 P - a potion of berserk rage {unknown}


   Skills:
 * Level 7.3 Fighting
 * Level 7.8 Dodging
 + Level 8.0 Stealth
 * Level 2.8 Shields
 - Level 3.0 Spellcasting
 - Level 2.0 Conjurations
 - Level 8.0 Hexes
 - Level 1.0 Transmutations
 - Level 2.0 Air Magic
 + Level 11.8 Poison Magic
 * Level 8.1 Invocations


You had 3 spell levels left.
You knew the following spells:

 Your Spells              Type           Power      Damage    Failure   Level
a - Sting                 Tmut/Pois      100%       1d8       1%          1
b - Poisonous Vapours     Pois/Air       66%        N/A       1%          2
c - Olgreb's Toxic Radia  Pois           53%        N/A       1%          4
d - Mephitic Cloud        Conj/Pois/Air  26%        N/A       1%          3
e - Slow                  Hex            100%       N/A       1%          1
f - Confusing Touch       Hex            38%        N/A       1%          3

Your spell library contained the following spells:

 Spells                   Type           Power      Damage    Failure   Level
 Ozocubu's Armour         Ice            3%         N/A       11%         3
 Vampiric Draining        Necr           3%         2d6       11%         3
 Ozocubu's Refrigeration  Ice            1%         4d5       100%        7


Dungeon Overview and Level Annotations

Branches:
Dungeon (9/15)             Temple (1/1) D:6            Lair (0/6) D:9
    Orc (2/2) D:9             Elf (0/3) Orc:2         Sewer (visited)

Altars:
Ashenzari
Cheibriados
Dithmenos
Elyvilon
Fedhas
Gozag
Hepliaklqana
Kikubaaqudgha
Makhleb
Nemelex Xobeh
Okawaru
Qazlal
Ru
Sif Muna
Trog
Uskayaw
Vehumet
Wu Jian
Xom
Yredelemnul
Zin
The Shining One
Beogh

Shops:
D:1 [   D:4 *(   D:5 (   Orc:2 [

Annotations:
D:9 1 runed translucent door, Atlas's ghost, novice FeTm
Orc:2 exclusion: 2 doors


Innate Abilities, Weirdness & Mutations

You cannot wear most types of armour.
You are amphibious.
You can wear up to eight rings at the same time.
Your skin changes colour to match your surroundings (Stealth+).
Your rubbery body absorbs attacks. (AC +1, EV +1)
((You are camouflaged near water. (Stealth+)))
You have tentacles for arms and can constrict up to eight enemies at once.


Message History

You see here a +0 dagger.
There is an open door, spattered with blood here.
There is an open door here.
You open the door.
An orc knight comes into view. It is wielding a +0 war axe.
Found Jijaqisk's Armour Boutique.
There is an open door here.
The orc knight shouts!
The orc knight closely misses you.
You closely miss the orc knight. Your grab misses the orc knight.
The orc knight misses you.
Casting: Sting (safe; 1% risk of failure)
Confirm with . or Enter, or press ? or * to list all spells.
You begin to radiate toxic energy.
The orc knight is poisoned.
The orc knight looks even sicker.
The orc knight completely misses you.
Unknown command.
Unknown command.
Casting: Olgreb's Toxic Radiance (safe; 1% risk of failure)
Confirm with . or Enter, or press ? or * to list all spells.
Your toxic radiance grows in intensity.
The orc knight looks even sicker.
The orc knight hits you with a +0 war axe!!
Unknown command.
Unknown command.
There is an open door here.
The orc knight looks as sick as possible!
Your toxic aura wanes.
There is an open door here.
There is an open door here.
You closely miss the orc knight. You grab the orc knight.
The orc knight is heavily wounded.
You constrict the orc knight, but do no damage.
The orc knight hits you with a +0 war axe!!
You release your grip on the orc knight.
The orc knight hits you with a +0 war axe!
The orc knight hits you with a +0 war axe!!
* * * LOW HITPOINT WARNING * * *
There is a roughly hewn altar of Beogh, spattered with blood here.
There is an open door here.
The orc knight hits you with a +0 war axe!!
You die...

.....## *,* *,,,*
...#..# #+######+***
.....######......#,,,*
....## #.#***###'###,*
.#.#####.# #.....#,*
#####....# #.._..+,*
##.)....## #.....#,*
........########o###.#
....[....#.....#@....#
.)..<....#....)#.#####
)[).)....#.))..'.#..∩#
..[..)...#.).).#.'...#
#........#.....#.#...#
###..)...###'###.#####
.###......)....#.#,,,*
..##...........#.+,,,*
#####.........##.#,,∩*


You could see an orc knight (very poisoned).

Vanquished Creatures
  Erolcha (D:9)
  4 two-headed ogres
  An orc sorcerer (Orc:1)
  An ugly thing (D:9)
  Joseph (D:8)
  2 trolls (D:9)
  Grinder (D:6)
  Prince Ribbit (D:8)
  Sigmund (D:6)
  10 yaks
  4 humans (D:7)
  A steam dragon (D:7)
  4 wargs
  Duvessa (D:7)
  A necrophage (D:8)
  An ice beast (D:8)
  2 sky beasts (D:5)
  10 orc warriors
  2 black bears
  7 ogres
  4 centaurs
  3 wolves (D:9)
  A bullfrog (D:9)
  3 kobold brigands
  A gnoll sergeant (D:4)
  2 scorpions
  A water moccasin zombie (D:5)
  A wyvern skeleton (D:6)
  Dowan (D:7)
  2 jellies
  4 killer bees (D:7)
  7 howler monkeys
  3 wights (D:8)
  4 electric eels (D:9)
  2 bullfrog zombies
  2 centaur zombies
  3 iron imps (D:9)
  6 hounds
  8 orc priests
  A bullfrog skeleton (D:3)
  A centaur skeleton (D:5)
  2 gnoll shamans
  4 iguanas
  12 orc wizards
  A howler monkey zombie (D:8)
  17 gnolls
  7 adders
  2 dart slugs
  8 worms
  72 orcs
  4 bats
  An endoplasm (D:4)
  6 giant cockroaches
  6 goblins
  4 hobgoblins
  6 jackals
  5 quokkas
  12 ball pythons
  3 frilled lizards
  17 kobolds
  12 rats
317 creatures vanquished.

Vanquished Creatures (collateral kills)
  An orc knight (Orc:1)
  A warg (Orc:1)
  An orc wizard (Orc:1)
  2 orcs (Orc:1)
5 creatures vanquished.

Vanquished Creatures (others)
  4 plants (D:9)
4 creatures vanquished.

Grand Total: 326 creatures vanquished

Notes
Turn   | Place    | Note
-------+----------+-------------------------------------------
     0 | D:1      | browni3141 the Octopode Venom Mage began the quest for the
                  | Orb.
     0 | D:1      | Reached XP level 1. HP: 11/11 MP: 3/3
    44 | D:1      | Reached skill level 4 in Poison Magic
   254 | D:1      | Reached XP level 2. HP: 17/17 MP: 3/5
   742 | D:1      | Learned a level 2 spell: Poisonous Vapours
   864 | D:1      | Found Sav Doanirph's Antique Armour Emporium.
  1572 | D:2      | Reached XP level 3. HP: 21/21 MP: 6/6
  1809 | D:2      | Reached skill level 5 in Poison Magic
  2702 | D:2      | Reached XP level 4. HP: 13/27 MP: 1/8
  3305 | D:3      | Noticed a scorpion
  3310 | D:3      | Killed a scorpion
  3311 | D:3      | Reached skill level 6 in Poison Magic
  3311 | D:3      | Reached XP level 5. HP: 31/31 MP: 6/9
  4694 | D:3      | Reached skill level 7 in Poison Magic
  4711 | D:3      | Reached XP level 6. HP: 34/36 MP: 1/10
  4870 | D:3      | Learned a level 4 spell: Olgreb's Toxic Radiance
  4874 | D:3      | Learned a level 3 spell: Mephitic Cloud
  4876 | D:3      | Learned a level 1 spell: Slow
  5176 | D:4      | Found Ifu Zas's Assorted Antiques.
  5186 | D:4      | Reached skill level 1 in Conjurations
  5186 | D:4      | Reached skill level 1 in Hexes
  5186 | D:4      | Reached skill level 1 in Air Magic
  5387 | D:4      | Found Xadghetze's Antique Weapon Boutique.
  5537 | D:4      | Reached XP level 7. HP: 31/41 MP: 2/11
  6168 | D:4      | Found a shimmering blue altar of Sif Muna.
  6196 | D:4      | Reached skill level 8 in Poison Magic
  6203 | D:4      | Became a worshipper of Sif Muna the Loreminder
  6735 | D:5      | Entered Level 5 of the Dungeon
  6825 | D:5      | Reached skill level 9 in Poison Magic
  6917 | D:5      | Reached XP level 8. HP: 34/46 MP: 9/12
  6993 | D:5      | Found Inuru's Weapon Emporium.
  7036 | D:5      | Found a glowing drain.
  7093 | Sewer    | Entered a sewer
  7391 | Sewer    | Reached skill level 10 in Poison Magic
  7475 | Sewer    | Reached * piety under Sif Muna
  8189 | D:5      | Reached skill level 1 in Invocations
  8218 | D:5      | Reached skill level 1 in Fighting
  9104 | D:6      | Noticed Grinder
  9874 | D:6      | Reached XP level 9. HP: 42/54 MP: 9/13
  9992 | D:6      | Killed Grinder
 10271 | D:6      | Reached ** piety under Sif Muna
 10340 | D:6      | Noticed Sigmund
 10347 | D:6      | Killed Sigmund
 10463 | D:6      | Found a staircase to the Ecumenical Temple.
 10877 | Temple   | Entered the Ecumenical Temple
 11558 | D:7      | Noticed Duvessa
 11559 | D:7      | Noticed Dowan
 11565 | D:7      | Killed Dowan
 11570 | D:7      | Killed Duvessa
 12029 | D:7      | Reached skill level 5 in Hexes
 12037 | D:7      | Reached skill level 5 in Stealth
 12392 | D:7      | Reached XP level 10. HP: 53/64 MP: 14/14
 12481 | D:7      | Reached skill level 5 in Dodging
 12962 | D:7      | Reached skill level 5 in Invocations
 13192 | D:8      | Noticed Prince Ribbit
 13196 | D:8      | Learned a level 3 spell: Confusing Touch
 13204 | D:8      | Killed Prince Ribbit
 13857 | D:8      | Noticed Joseph
 14404 | D:8      | Killed Joseph
 14404 | D:8      | Reached *** piety under Sif Muna
 14405 | D:8      | Reached skill level 5 in Fighting
 14579 | D:9      | Found a staircase to the Orcish Mines.
 14698 | D:9      | Noticed a two-headed ogre
 14847 | D:9      | Reached skill level 11 in Poison Magic
 15134 | D:9      | Killed a two-headed ogre
 15135 | D:9      | Reached XP level 11. HP: 59/72 MP: 9/15
 15324 | D:9      | Found a snail-covered altar of Cheibriados.
 15430 | D:9      | Noticed a cyan ugly thing
 16729 | D:9      | Found a staircase to the Lair.
 16927 | D:9      | Found a glowing silver altar of Zin.
 16927 | D:9      | Found a runed translucent door.
 16929 | D:9      | Noticed Atlas's ghost (novice FeTm)
 16976 | D:9      | Noticed Erolcha
 16988 | D:9      | Killed Erolcha
 17105 | D:9      | Found a burning altar of Makhleb.
 17300 | D:9      | Killed a cyan ugly thing
 17590 | D:9      | Found a blossoming altar of Fedhas.
 17654 | Orc:1    | Entered Level 1 of the Orcish Mines
 17749 | Orc:2    | Entered Level 2 of the Orcish Mines
 17982 | Orc:2    | Noticed a two-headed ogre
 17990 | Orc:2    | Killed a two-headed ogre
 17993 | Orc:2    | Reached skill level 1 in Shields
 18031 | Orc:2    | Reached **** piety under Sif Muna
 18048 | Orc:1    | Noticed an orc sorcerer
 18058 | Orc:1    | Paralysed by an orc sorcerer for 2 turns
 18067 | Orc:1    | Killed an orc sorcerer
 18067 | Orc:1    | HP: 2/68 [orc wizard/magic dart[an orc knight] (6)]
 18077 | Orc:1    | Noticed an orc knight
 18086 | Orc:1    | Killed an orc knight
 18570 | Orc:2    | Noticed a two-headed ogre
 18903 | Orc:2    | Killed a two-headed ogre
 18986 | Orc:1    | Noticed an orc knight
 19062 | Orc:2    | Reached XP level 12. HP: 66/81 MP: 1/17
 19770 | Orc:2    | Noticed a two-headed ogre
 19995 | Orc:2    | Killed a two-headed ogre
 20093 | Orc:2    | Found Jijaqisk's Armour Boutique.
 20115 | Orc:2    | Slain by an orc knight

Illustrated notes

Levels and vault maps discovered:
D:1:      wheals_arrival_shading, layout_basic, serial_shops,
          nicolae_shop_waterfront
D:2:      layout_basic, amcnicky_mini_rare_corridor_liquid, minmay_tetromino_i4
D:3:      layout_basic, minmay_vboxes
D:4:      layout_loops_corners, kennysheep_orc_sif_temple, serial_shops,
          shop_statue, nicolae_lakefront_shop
D:5:      layout_basic, serial_shops, nicolae_shop_statue_plus,
          portal_sewer_entry_f
D:6:      layout_rooms, lemuel_temple_firewalk_a, sigmund_army, uniq_grinder
D:7:      layout_basic, minmay_ruffians, uniq_duvessa
D:8:      layout_loops_ring, uniq_joseph, uniq_prince_ribbit1
D:9:      layout_rooms, lemuel_coloured_pillars_altar, lemuel_tele_altar,
          lemuel_crystal_altar, demons_altar, erik_lair_island,
          minmay_orc_entry_guard_dogs, hellmonk_ghost_big_iron,
          kennysheep_generic_room_15, uniq_erolcha
Temple:   minmay_crystal_spiral_temple
Orc:1:    layout_diamond_mine, portal_ice_cave_entry_animals_and_master
Orc:2:    pubby_orc_utopia, uniq_urug

Skill      XL: |  1  2  3  4  5  6  7  8  9 10 11 12 |
---------------+-------------------------------------+-----
Poison Magic   | 4 5 6 7 9 10 11 | 11.8
Spellcasting   | 3 |  3.0
Conjurations   | 1 2 |  2.0
Hexes          | 1 3 4 5 6 7 8 |  8.0
Air Magic      | 1 2 |  2.0
Stealth        | 3 5 6 7 8 |  8.0
Invocations    | 2 4 6 7 8 |  8.1
Fighting       | 2 4 5 7 |  7.3
Dodging        | 3 4 6 7 |  7.8
Shields        | 2 |  2.8
Transmutations | |  1.0

Action                   |  1- 3 |  4- 6 |  7- 9 | 10-12 || total
-------------------------+-------+-------+-------+-------++-------
Melee: Unarmed           |    59 |    55 |    97 |       ||   211
       Constrict         |    20 |    12 |    50 |    33 ||   115
       Tentacles         |    16 |     8 |    54 |    49 ||   127
       Dagger            |       |       |   156 |    64 ||   220
       Short sword       |       |       |       |   217 ||   217
 Cast: Sting             |    27 |    54 |    48 |    20 ||   149
       Poisonous Vapours |     1 |     6 |    17 |    25 ||    49
       Olgreb's Toxic Ra |       |     1 |    28 |    46 ||    75
       Mephitic Cloud    |       |       |     6 |    19 ||    25
       Slow              |       |       |     3 |    15 ||    18
       Confusing Touch   |       |       |       |     8 ||     8
Invok: Channel Magic     |       |       |       |     2 ||     2
Evoke: Wand              |       |       |       |     4 ||     4
  Use: Scroll            |       |     7 |     5 |     3 ||    15
       Potion            |       |       |       |     3 ||     3
 Stab: Sleeping          |     7 |     3 |    11 |     4 ||    25
       Confused          |       |       |     2 |    11 ||    13
Armor: Skin              |     5 |     4 |    17 |     6 ||    32
Dodge: Dodged            |    46 |    39 |   150 |   270 ||   505

Table legend: (Time is in decaauts)
 A = Elapsed time spent in this place.
 B = Non-inter-level travel time spent in this place.
 C = Inter-level travel time spent in this place.
 D = Time resting spent in this place.
 E = Time spent auto-exploring this place.
 F = Levels seen in this place.
 G = Mean time per level.
                   A        B        C        D        E       F      G
               +--------+--------+--------+--------+--------+-----+--------+
         Total |  20133 |  19341 |    792 |   3082 |  12744 |  13 | 1548.7 |
       Dungeon |  16656 |  15955 |    701 |   2423 |  10851 |   9 | 1850.7 |
        Temple |    211 |    128 |     83 |      0 |    112 |   1 |  211.0 |
  Orcish Mines |   2470 |   2462 |      8 |    587 |   1238 |   2 | 1235.0 |
         Sewer |    795 |    795 |      0 |     72 |    543 |   1 |  795.0 |
               +--------+--------+--------+--------+--------+-----+--------+

Top non-repeatable levels by time:
     D:8: 2475 daAuts
     D:4: 2174 daAuts
     D:7: 2039 daAuts
     D:9: 1995 daAuts
     D:3: 1780 daAuts
     D:2: 1713 daAuts
   Orc:2: 1625 daAuts
     D:5: 1623 daAuts
     D:6: 1461 daAuts
     D:1: 1391 daAuts
   Orc:1: 844 daAuts
   Sewer: 795 daAuts
  Temple: 211 daAuts
